 Dungeon Crawl Stone Soup version 0.26.1-11-gd32895ea62 (webtiles) character file.

Game seed: 18070855839263582972

25 saikopath the Chiller (level 3, -1/24 HPs)
             Began as a Merfolk Ice Elementalist on June 30, 2021.
             Slain by a hound (2 damage)
             ... on level 2 of the Dungeon.
             The game lasted 00:14:11 (1230 turns).

saikopath the Chiller (Merfolk Ice Elementalist)    Turns: 1230, Time: 00:14:12

Health: -1/24      AC: 11    Str:  8    XL:     3   Next: 4%
Magic:  6/6        EV:  0    Int: 14    God:
Gold:   55         SH:  0    Dex: 15    Spells: 5/6 levels left

rFire    . . .     SeeInvis .   i - +0 club
rCold    . . .     Faith    .   (no shield)
rNeg     . . .     Spirit   .   e - +0 plate armour
rPois    .         Reflect  .   (no helmet)
rElec    .         Harm     .   g - +0 cloak
rCorr    .         Rampage  .   (no gloves)
Will     .....                  (no boots)
Stlth    ..........             (no amulet)
HPRegen  0.08/turn              (no ring)
MPRegen  0.10/turn              (no ring)

@: no status effects
A: change form in water, swift swim, stealthy swim
a: no special abilities


You were on level 2 of the Dungeon.
You visited 1 branch of the dungeon, and saw 2 of its levels.

You collected 55 gold pieces.

Inventory:

Hand Weapons
 c - a +0 dagger
 i - a +0 club (weapon)
 l - a +0 dagger
Missiles
 d - 20 stones
 k - 35 bolts
 n - 21 arrows
 p - 19 poisoned darts
Armour
 a - a +0 robe
 e - a +0 plate armour (worn)
 g - a +0 cloak (worn)
 m - a +0 robe
 o - a +0 leather armour
Potions
 b - a potion of degeneration
 h - a potion of attraction {unknown}
 j - a potion of might {unknown}
 q - a potion of mutation {unknown}


   Skills:
 * Level 0.3 Short Blades
 + Level 2.9 Dodging
 + Level 2.3 Stealth
 + Level 2.4 Spellcasting
 + Level 4.9 Ice Magic


You had 5 spell levels left.
You knew the following spells:

 Your Spells              Type           Power        Failure   Level
a - Freeze                Ice            60%          100%        1

Your spell library contained the following spells:

 Spells                   Type           Power        Failure   Level
 Frozen Ramparts          Ice            30%          100%        3
 Ozocubu's Armour         Ice            15%          100%        3
 Hailstorm                Conj/Ice       8%           100%        4
 Summon Ice Beast         Ice/Summ       8%           100%        4


Dungeon Overview and Level Annotations

Branches:
Dungeon (2/15)

Altars:
Makhleb


Message History

The hound bites you but does no damage.
You closely miss the hound. The hound bites you but does no damage.
You hit the hound but do no damage. The hound bites you but does no damage.
You closely miss the hound. The hound bites you but does no damage.
The hound bites you.
* * * LOW HITPOINT WARNING * * *
Setting a skill training target for Throwing at 6.0.
You hit the hound.
The hound is lightly wounded.
The hound bites you but does no damage.
i - a +0 club (weapon)
The hound bites you but does no damage.
You miss the hound.
The hound is lightly wounded.
The hound bites you but does no damage. The hound bites you.
* * * LOW HITPOINT WARNING * * *
The hound bites you but does no damage. x2
The hound bites you but does no damage. The hound bites you.
You die...

#.# ## #.# # #∩##
#.# # ._.# #.# ##
†..# #.# .# ..#
#.# .###.# #.#
..#..# #######.#
#...# #....@..#
##.## ####h####
###############.#
#...............#
###.#############
....# #####


You could see a hound.

Vanquished Creatures
  An ooze (D:1)
  2 bats (D:1)
  A giant cockroach (D:1)
  5 goblins
  3 hobgoblins (D:1)
  A frilled lizard (D:2)
  2 kobolds (D:1)
  4 rats (D:1)
19 creatures vanquished.

Vanquished Creatures (others)
  11 plants (D:2)
11 creatures vanquished.

Grand Total: 30 creatures vanquished

Notes
Turn   | Place    | Note
-------+----------+-------------------------------------------
     0 | D:1      | saikopath the Merfolk Ice Elementalist began the quest for
                  | the Orb.
     0 | D:1      | Reached XP level 1. HP: 13/13 MP: 3/3
   161 | D:1      | Reached XP level 2. HP: 13/19 MP: 1/5
   943 | D:2      | Reached XP level 3. HP: 24/24 MP: 4/6
  1165 | D:2      | Found a burning altar of Makhleb.
  1226 | D:2      | HP: 1/24 [hound (4)]
  1230 | D:2      | Slain by a hound

Illustrated notes

Levels and vault maps discovered:
D:1:      amcnicky_arrival_abandoned_market, layout_basic, nrook_uturn,
          minmay_hexomino_f4
D:2:      layout_basic, makhleb_blood_cavern_becter, serial_bayou_lake_a

Action                   || total
-------------------------++-------
Melee: Dagger            ||    35
       Club              ||     1
 Cast: Freeze            ||    19
  Use: Scroll            ||     4
       Potion            ||     1
Armor: Robe              ||    10
       Plate armour      ||    33
Dodge: Dodged            ||    40
